 Dungeon Crawl Stone Soup version 0.27-a0-1149-g4505690ab0 (webtiles) character file.

Game seed: 17750949581046022756

12 cdice the Sneak (level 2, 0/22 HPs)
             Began as a Draconian Enchanter on May 13, 2021.
             Was an Initiate of Ru.
             Slain by a ball python (1 damage)
             ... on level 2 of the Dungeon.
             The game lasted 00:01:46 (826 turns).

cdice the Sneak (Draconian Enchanter)                Turns: 826, Time: 00:01:47

Health: 0/22       AC:  4    Str: 10    XL:     2   Next: 20%
Magic:  5/5        EV:  9    Int: 15    God:    Ru [......]
Gold:   27         SH:  0    Dex: 11    Spells: 4/5 levels left

rFire    . . .     SeeInvis .   c - staff of conjuration
rCold    . . .     Faith    .   (no shield)
rNeg     . . .     Spirit   .   (armour unavailable)
rPois    .         Reflect  .   (helmet restricted)
rElec    .         Harm     .   (no cloak)
rCorr    .         Rampage  .   (no gloves)
Will     .....                  (no boots)
Stlth    ++........             (no amulet)
HPRegen  0.07/turn              (no ring)
MPRegen  0.09/turn              (no ring)

@: constricted
A: AC +4, unfitting armour, cold-blooded
a: Renounce Religion, Sacrifice Drink, Sacrifice Purity, Sacrifice Courage,
Reject Sacrifices


You were on level 2 of the Dungeon.
You worshipped Ru.
Ru was noncommittal.
You visited 1 branch of the dungeon, and saw 2 of its levels.

You collected 27 gold pieces.

Inventory:

Magical Staves
 c - a staff of conjuration (weapon)
Potions
 b - a potion of curing {unknown}


   Skills:
 * Level 0.9 Fighting
 - Level 1.0 Short Blades
 * Level 0.1 Staves
 + Level 1.8 Dodging
 - Level 2.9 Stealth
 * Level 2.1 Spellcasting
 + Level 2.8 Hexes


You had 4 spell levels left.
You knew the following spells:

 Your Spells              Type           Power      Damage    Failure   Level
a - Corona                Hex            11%        N/A       7%          1

Your spell library contained the following spells:

 Spells                   Type           Power      Damage    Failure   Level
 Ensorcelled Hibernation  Hex/Ice        10%        N/A       19%         2
 Confusing Touch          Hex            10%        N/A       21%         3
 Tukima's Dance           Hex            10%        N/A       21%         3
 Dazzling Flash           Conj/Hex       16%        N/A       36%         3


Dungeon Overview and Level Annotations

Branches:
Dungeon (2/15)

Altars:
Ru


Innate Abilities, Weirdness & Mutations

Your plain brown scales are hard. (AC +4)
You cannot fit into any form of body armour.
You are cold-blooded and may be slowed by cold attacks.


Message History

There is a stone staircase leading up here.
(D) Dungeon
Where to? (Enter - D:2, ? - help)
A ball python is nearby!
Found a book of Maledictions.
An adder comes into view.
The adder hisses angrily.
You closely miss the adder.
The ball python hisses angrily.
Your tail-slap misses the adder.
The adder barely misses you. The adder bites you but does no damage.
You completely miss the adder.
Your tail-slap misses the adder.
The adder bites you.
You are poisoned.
The adder poisons you!
You hit the adder.
The adder is heavily wounded.
You feel sick. The adder bites you. x2
You closely miss the adder.
The adder is heavily wounded.
You feel sick. The ball python barely misses you. The ball python grabs you.
The ball python constricts you. The adder bites you but does no damage.
The ball python bites you.
* * * LOW HITPOINT WARNING * * *
The ball python constricts you.
You closely miss the adder.
The adder is heavily wounded.
You feel sick.
You are no longer poisoned.
The adder closely misses you.
The ball python bites you but does no damage.
The ball python constricts you. The adder bites you.
* * * LOW HITPOINT WARNING * * *
You miss the adder.
The adder is heavily wounded.
The ball python bites you but does no damage.
* * * LOW HITPOINT WARNING * * *
The ball python constricts you. The adder barely misses you.
The ball python bites you but does no damage.
You die...

### #.#
...#### #.#
...:... #.#
.......###.###
.............#
.............+
.............#
......S@...<.#
......S......#
.............#
#######......#
#......#
#......#
#.$....#
#####+##


You could see an adder and a ball python.

Vanquished Creatures
  A ball python (D:1)
  A bat (D:1)
  An endoplasm (D:1)
  2 goblins (D:1)
  A quokka (D:1)
  A frilled lizard (D:1)
  3 kobolds (D:1)
  A rat (D:1)
11 creatures vanquished.

Notes
Turn   | Place    | Note
-------+----------+-------------------------------------------
     0 | D:1      | cdice the Draconian Enchanter began the quest for the Orb.
     0 | D:1      | Reached XP level 1. HP: 14/14 MP: 3/3
   483 | D:1      | Reached XP level 2. HP: 9/20 MP: 3/5
   753 | D:1      | Found a faded altar of an unknown god.
   770 | D:1      | Became a worshipper of Ru the Awakened
   826 | D:2      | HP: 1/22 [ball python (1)]
   826 | D:2      | Slain by a ball python

Illustrated notes

Levels and vault maps discovered:
D:1:      dpeg_arrival_long_road, layout_basic, ebering_ecumenical_altar_webs,
          serial_curves, eino_curves_02, eino_curves_02, eino_curves_02,
          grunt_decor_mini_mirrors, amethyst_killhole,
          minmay_misc_feat_diagonals, serial_park_tiny_pond
D:2:      layout_basic, serial_shops, shop, kennysheep_jessica_study

Action                   || total
-------------------------++-------
Melee: Dagger            ||    14
       Staff             ||    38
       Tailslap          ||     5
 Cast: Corona            ||     2
 Stab: Sleeping          ||     3
Armor: Skin              ||    23
Dodge: Dodged            ||    34

Table legend: (Time is in decaauts)
 A = Elapsed time spent in this place.
 B = Non-inter-level travel time spent in this place.
 C = Inter-level travel time spent in this place.
 D = Time resting spent in this place.
 E = Time spent auto-exploring this place.
 F = Levels seen in this place.
 G = Mean time per level.
                   A        B        C        D        E       F      G
               +--------+--------+--------+--------+--------+-----+--------+
         Total |    832 |    817 |     15 |    246 |    426 |   2 |  416.0 |
       Dungeon |    832 |    817 |     15 |    246 |    426 |   2 |  416.0 |
               +--------+--------+--------+--------+--------+-----+--------+

Top non-repeatable levels by time:
     D:1: 821 daAuts
     D:2: 10 daAuts
